[ AOE2 MATCH · #488347320 ]
UnrankedJapanese vs Vietnamese
Player's team · WIN
[ REPLAY ANALYSIS · EXTRACTED FROM THE RECORDED GAME ]
Feudal
—
Castle
—
Imperial
—
| APM avg | 95.9 |
| APM peak | 138 |
| eAPM avg | 53.7 |
| Villagers / military | 74 / 29 |
Focus
⚔️ 70.0% · 🌾 30.0%
Archer ×22 · Militia ×4 · Knight ×2 · Spearman ×1
Feudal
9:31
Castle
23:40
Imperial
—
| APM avg | 48.4 |
| APM peak | 75 |
| eAPM avg | 21.4 |
| Villagers / military | 59 / 36 |
Focus
⚔️ 36.3% · 🌾 63.7%
Skirmisher ×30 · Archer ×5 · Spearman ×1
Match map
Initial resources + every placement click. Lines = walls · curves = elevation contours. ◆ gold · ⬟ stone · ● berries · ✦ relic · ◌ wall gap
Your base· Open — 5t gap
将往事留在风中's base· Open — 6t gap
Smoothed initial terrain · ◌ = detected wall gap · hover for details
Inputs per minute
— Saturno 1343 - - 将往事留在风中
Build order — Saturno 1343
First 150 of 166 actions detected
| 0:00 | Queue | Villager (Male) |
| 0:01 | Queue | Villager (Male) |
| 0:02 | Build | House |
| 0:02 | Build | House |
| 0:15 | Queue | Villager (Male) |
| 0:15 | Queue | Villager (Male) |
| 1:15 | Queue | Villager (Male) |
| 1:51 | Build | Lumber Camp |
| 1:51 | Queue | Villager (Male) |
| 1:52 | Queue | Villager (Male) |
| 2:16 | Queue | Villager (Male) |
| 2:44 | Queue | Villager (Male) |
| 3:18 | Queue | Villager (Male) |
| 3:19 | Queue | Villager (Male) |
| 3:26 | Build | House |
| 3:35 | Queue | Villager (Male) |
| 3:53 | Queue | Villager (Male) |
| 3:54 | Queue | Villager (Male) |
| 4:16 | Queue | Villager (Male) |
| 4:46 | Queue | Villager (Male) |
| 5:00 | Queue | Villager (Male) |
| 5:15 | Build | Barracks |
| 5:50 | Queue | Villager (Male) |
| 5:57 | Research | Loom |
| 6:40 | Queue | Villager (Male) |
| 6:46 | Build | House |
| 7:10 | Research | Feudal Age |
| 7:10 | Research | Feudal Age |
| 7:29 | Build | Mining Camp |
| 7:37 | Queue | Militia |
| 7:38 | Queue | Militia |
| 7:50 | Queue | Villager (Male) |
| 8:15 | Queue | Militia |
| 8:30 | Build | Mill |
| 8:38 | Queue | Militia |
| 8:50 | Queue | Villager (Male) |
| 8:51 | Queue | Villager (Male) |
| 8:53 | Queue | Villager (Male) |
| 9:08 | Build | House |
| 9:18 | Build | Farm |
| 9:20 | Build | Farm |
| 9:25 | Build | Archery Range |
| 9:27 | Research | Man-at-Arms (upgrade) |
| 10:05 | Queue | Villager (Male) |
| 10:05 | Queue | Villager (Male) |
| 10:08 | Build | House |
| 10:23 | Queue | Villager (Male) |
| 10:26 | Build | House |
| 10:40 | Queue | Villager (Male) |
| 10:46 | Build | Farm |
| 10:59 | Build | Palisade Wall |
| 11:10 | Queue | Villager (Male) |
| 11:13 | Build | Farm |
| 11:36 | Queue | Archer |
| 11:36 | Queue | Villager (Male) |
| 11:37 | Queue | Villager (Male) |
| 11:40 | Build | House |
| 11:41 | Build | Palisade Wall |
| 11:48 | Queue | Villager (Male) |
| 11:48 | Queue | Villager (Male) |
| 11:55 | Build | House |
| 11:56 | Build | Palisade Wall |
| 11:57 | Build | Palisade Wall |
| 12:05 | Queue | Archer |
| 12:06 | Queue | Archer |
| 12:10 | Build | Farm |
| 12:11 | Build | Farm |
| 12:17 | Queue | Spearman |
| 12:23 | Queue | Villager (Male) |
| 12:27 | Build | House |
| 12:31 | Build | Palisade Wall |
| 12:31 | Build | Palisade Wall |
| 12:33 | Build | Palisade Wall |
| 12:44 | Queue | Archer |
| 12:49 | Queue | Villager (Male) |
| 12:59 | Queue | Villager (Male) |
| 13:19 | Queue | Archer |
| 13:19 | Queue | Archer |
| 13:26 | Queue | Villager (Male) |
| 13:33 | Queue | Villager (Male) |
| 13:54 | Queue | Archer |
| 14:01 | Queue | Villager (Male) |
| 14:05 | Queue | Villager (Male) |
| 14:15 | Queue | Villager (Male) |
| 14:16 | Build | Blacksmith |
| 14:19 | Build | Farm |
| 14:20 | Build | Farm |
| 14:21 | Build | Farm |
| 14:25 | Build | Farm |
| 14:34 | Queue | Archer |
| 14:48 | Queue | Archer |
| 14:56 | Queue | Villager (Male) |
| 15:11 | Research | Fletching |
| 15:12 | Research | Fletching |
| 15:25 | Queue | Villager (Male) |
| 16:12 | Queue | Archer |
| 16:18 | Queue | Villager (Male) |
| 16:28 | Queue | Villager (Male) |
| 16:33 | Queue | Archer |
| 16:39 | Queue | Villager (Male) |
| 16:46 | Queue | Villager (Male) |
| 16:47 | Queue | Villager (Male) |
| 16:49 | Build | Farm |
| 16:49 | Queue | Villager (Male) |
| 16:50 | Queue | Villager (Male) |
| 16:50 | Queue | Villager (Male) |
| 16:56 | Queue | Villager (Male) |
| 17:00 | Build | Farm |
| 17:00 | Queue | Villager (Male) |
| 17:09 | Queue | Villager (Male) |
| 17:12 | Build | Farm |
| 17:13 | Queue | Villager (Male) |
| 17:14 | Queue | Villager (Male) |
| 17:15 | Build | Farm |
| 17:16 | Queue | Villager (Male) |
| 17:20 | Queue | Villager (Male) |
| 17:26 | Build | Market |
| 17:29 | Build | House |
| 17:30 | Build | House |
| 17:54 | Queue | Villager (Male) |
| 17:56 | Queue | Villager (Male) |
| 18:06 | Research | Double-Bit Axe |
| 18:27 | Research | Castle Age |
| 18:27 | Research | Castle Age |
| 18:44 | Build | House |
| 18:46 | Build | House |
| 19:00 | Research | Horse Collar |
| 19:01 | Queue | Villager (Male) |
| 19:14 | Queue | Archer |
| 19:24 | Build | Stable |
| 20:09 | Queue | Archer |
| 20:19 | Research | Scale Barding Armor |
| 20:19 | Research | Scale Barding Armor |
| 21:02 | Queue | Villager (Male) |
| 21:09 | Research | Crossbowman (upgrade) |
| 21:17 | Research | Bodkin Arrow |
| 21:17 | Research | Bodkin Arrow |
| 21:36 | Queue | Archer |
| 21:39 | Queue | Villager (Male) |
| 21:46 | Build | University |
| 21:47 | Queue | Knight |
| 21:54 | Queue | Archer |
| 21:57 | Queue | Archer |
| 22:05 | Queue | Knight |
| 22:14 | Queue | Archer |
| 22:18 | Queue | Villager (Male) |
| 22:28 | Queue | Villager (Male) |
| 22:34 | Build | Town Center |
| 22:42 | Research | Ballistics |
| 22:49 | Queue | Villager (Male) |
Build order — 将往事留在风中
First 150 of 176 actions detected
| 0:01 | Queue | Villager (Male) |
| 0:01 | Queue | Villager (Male) |
| 0:02 | Build | House |
| 0:03 | Build | House |
| 0:12 | Queue | Villager (Male) |
| 0:12 | Queue | Villager (Male) |
| 1:26 | Queue | Villager (Male) |
| 1:26 | Queue | Villager (Male) |
| 2:15 | Queue | Villager (Male) |
| 2:15 | Queue | Villager (Male) |
| 2:18 | Build | Mill |
| 2:45 | Queue | Villager (Male) |
| 2:46 | Queue | Villager (Male) |
| 2:46 | Queue | Villager (Male) |
| 2:50 | Queue | Villager (Male) |
| 3:28 | Queue | Villager (Male) |
| 3:28 | Queue | Villager (Male) |
| 3:29 | Queue | Villager (Male) |
| 3:43 | Queue | Villager (Male) |
| 4:07 | Build | House |
| 4:27 | Queue | Villager (Male) |
| 4:45 | Queue | Villager (Male) |
| 4:46 | Queue | Villager (Male) |
| 5:04 | Queue | Villager (Male) |
| 5:27 | Queue | Villager (Male) |
| 5:42 | Queue | Villager (Male) |
| 5:51 | Build | Lumber Camp |
| 6:17 | Queue | Villager (Male) |
| 6:36 | Research | Loom |
| 7:21 | Research | Feudal Age |
| 7:21 | Research | Feudal Age |
| 7:21 | Research | Feudal Age |
| 7:48 | Build | Mining Camp |
| 8:08 | Build | House |
| 8:10 | Queue | Villager (Male) |
| 8:47 | Build | Mill |
| 8:56 | Build | House |
| 9:03 | Build | Barracks |
| 9:04 | Queue | Villager (Male) |
| 9:13 | Build | Palisade Wall |
| 9:27 | Build | Palisade Wall |
| 9:31 | Age | Feudal Age |
| 9:31 | Build | Palisade Wall |
| 9:34 | Research | Double-Bit Axe |
| 10:08 | Build | Palisade Wall |
| 10:13 | Build | Archery Range |
| 10:31 | Build | Farm |
| 10:33 | Build | Farm |
| 10:56 | Queue | Spearman |
| 10:59 | Build | Farm |
| 11:11 | Build | Farm |
| 11:12 | Build | Farm |
| 11:40 | Build | Farm |
| 11:41 | Queue | Archer |
| 11:43 | Queue | Villager (Male) |
| 11:43 | Queue | Villager (Male) |
| 11:55 | Queue | Archer |
| 11:56 | Queue | Villager (Male) |
| 11:56 | Queue | Villager (Male) |
| 11:57 | Queue | Villager (Male) |
| 12:06 | Build | Palisade Wall |
| 12:12 | Queue | Archer |
| 12:16 | Build | Blacksmith |
| 12:26 | Queue | Villager (Male) |
| 12:26 | Queue | Villager (Male) |
| 13:04 | Queue | Villager (Male) |
| 13:05 | Queue | Archer |
| 13:11 | Queue | Skirmisher |
| 13:23 | Queue | Villager (Male) |
| 13:29 | Build | Farm |
| 13:30 | Build | Farm |
| 13:36 | Build | House |
| 13:39 | Build | House |
| 13:41 | Build | House |
| 13:46 | Build | Palisade Wall |
| 13:55 | Build | House |
| 13:55 | Queue | Villager (Male) |
| 14:08 | Build | Farm |
| 14:09 | Queue | Villager (Male) |
| 14:12 | Build | House |
| 14:15 | Research | Wheelbarrow |
| 14:15 | Research | Wheelbarrow |
| 14:15 | Research | Wheelbarrow |
| 14:28 | Research | Fletching |
| 14:28 | Research | Fletching |
| 14:29 | Research | Fletching |
| 14:30 | Build | Farm |
| 14:32 | Build | Farm |
| 14:38 | Queue | Skirmisher |
| 14:46 | Queue | Archer |
| 15:01 | Queue | Villager (Male) |
| 15:01 | Queue | Villager (Male) |
| 15:06 | Queue | Skirmisher |
| 15:17 | Build | Farm |
| 15:19 | Build | Farm |
| 15:26 | Queue | Villager (Male) |
| 15:26 | Queue | Villager (Male) |
| 15:48 | Queue | Villager (Male) |
| 15:51 | Queue | Skirmisher |
| 16:02 | Queue | Skirmisher |
| 16:04 | Queue | Villager (Male) |
| 16:09 | Queue | Skirmisher |
| 16:27 | Queue | Skirmisher |
| 16:29 | Queue | Villager (Male) |
| 16:48 | Queue | Skirmisher |
| 16:49 | Queue | Villager (Male) |
| 17:01 | Build | Farm |
| 17:04 | Queue | Skirmisher |
| 17:17 | Queue | Villager (Male) |
| 17:20 | Build | Farm |
| 17:24 | Build | Farm |
| 17:28 | Build | Farm |
| 17:43 | Queue | Skirmisher |
| 17:53 | Queue | Villager (Male) |
| 17:55 | Build | House |
| 17:56 | Build | House |
| 17:58 | Build | House |
| 18:00 | Build | House |
| 18:03 | Build | House |
| 18:14 | Queue | Villager (Male) |
| 18:31 | Queue | Villager (Male) |
| 18:45 | Build | House |
| 18:55 | Queue | Skirmisher |
| 18:56 | Queue | Villager (Male) |
| 19:03 | Research | Horse Collar |
| 19:16 | Queue | Villager (Male) |
| 19:34 | Build | House |
| 19:39 | Queue | Skirmisher |
| 19:39 | Queue | Skirmisher |
| 19:51 | Build | Lumber Camp |
| 20:09 | Build | House |
| 20:10 | Queue | Villager (Male) |
| 20:25 | Queue | Villager (Male) |
| 20:43 | Research | Castle Age |
| 20:43 | Research | Castle Age |
| 20:46 | Queue | Skirmisher |
| 20:53 | Queue | Villager (Male) |
| 20:57 | Research | Gold Mining |
| 20:57 | Research | Gold Mining |
| 21:13 | Queue | Skirmisher |
| 21:13 | Queue | Skirmisher |
| 21:24 | Queue | Skirmisher |
| 21:32 | Build | Archery Range |
| 22:03 | Queue | Skirmisher |
| 22:04 | Queue | Skirmisher |
| 22:06 | Research | Padded Archer Armor |
| 22:06 | Research | Padded Archer Armor |
| 22:17 | Queue | Villager (Male) |
| 22:17 | Queue | Villager (Male) |
| 22:24 | Queue | Skirmisher |
Match timeline
| 5:15 | Saturno 1343 · first_building Barracks |
| 9:03 | 将往事留在风中 · first_building Barracks |
| 9:13 | 将往事留在风中 · wall_segment Palisade Wall x7 |
| 9:25 | Saturno 1343 · first_building Archery Range |
| 9:27 | 将往事留在风中 · wall_segment Palisade Wall x4 |
| 9:31 | 将往事留在风中 · age_up feudal |
| 9:31 | 将往事留在风中 · wall_segment Palisade Wall x5 |
| 10:08 | 将往事留在风中 · wall_segment Palisade Wall x1 |
| 10:13 | 将往事留在风中 · first_building Archery Range |
| 10:59 | Saturno 1343 · wall_segment Palisade Wall x4 |
| 11:41 | Saturno 1343 · wall_segment Palisade Wall x9 |
| 11:56 | Saturno 1343 · wall_segment Palisade Wall x6 |
| 11:57 | Saturno 1343 · wall_segment Palisade Wall x1 |
| 12:06 | 将往事留在风中 · wall_segment Palisade Wall x5 |
| 12:31 | Saturno 1343 · wall_segment Palisade Wall x4 |
| 12:31 | Saturno 1343 · wall_segment Palisade Wall x1 |
| 12:33 | Saturno 1343 · wall_segment Palisade Wall x2 |
| 13:46 | 将往事留在风中 · wall_segment Palisade Wall x1 |
| 19:24 | Saturno 1343 · first_building Stable |
| 23:40 | 将往事留在风中 · age_up castle |
| 24:48 | 将往事留在风中 · resign |
[ AI ANALYSIS · 1 CREDIT ]
What really happened in this match?
Wolo.gg analyzes every decision: build order, eco, micro, common mistakes by bracket. Personalized analysis on WhatsApp or Discord in 30 seconds.
Civ guide
Japanese
Perfil
Jugador #24977465